 Dungeon Sprint DCSS version 0.28.0-43-g3370ac3207 (webtiles) character file.

Game seed: 8886441503418603962

4642 boopmooplesden the Warrior (level 10, 0/111 HPs)
             Began as a Minotaur Berserker on Mar 2, 2022.
             Was the Champion of Trog.
             Slain by a flying skull (7 damage)
             ... in the Dungeon (Sprint II: "The Violet Keep of Menkaure").
             The game lasted 00:02:58 (1358 turns).

boopmooplesden the Warrior (Minotaur Berserker)     Turns: 1358, Time: 00:02:58

Health: 0/111      AC: 19    Str: 25    XL:     10   Next: 20%
Magic:  9/9        EV: 12    Int:  4    God:    Trog [******]
Gold:   582        SH:  0    Dex: 11    Spells: 9/9 levels left

rFire   + . .      SeeInvis .   j - +4 lajatang "Jeexzumi" {flame, rC+}
rCold   + . .      Faith    .   (shield currently unavailable)
rNeg    . . .      Spirit   .   c - +3 chain mail {rF+}
rPois   .          Reflect  .   (helmet restricted)
rElec   .          Harm     .   d - +1 cloak
rCorr   .          Rampage  .   (no gloves)
Will    .....      NoTele   +   i - +0 pair of boots
Stlth   ..........              (no amulet)
HPRegen 0.28/turn               (no ring)
MPRegen 0.11/turn               (no ring)

@: very slow
A: horns 2, retaliatory headbutt
a: Renounce Religion, Berserk, Trog's Hand, Brothers in Arms


You were in the Dungeon.
You worshipped Trog.
Trog was exalted by your worship.
You visited 1 branch You collected 1053 gold pieces.
You spent 471 gold pieces at shops.

Inventory:

Hand Weapons
 a - a +0 hand axe
 j - the +4 lajatang "Jeexzumi" (weapon) {flame, rC+}
   (Trog gifted it to you in the Dungeon)

   It burns those it strikes, dealing additional fire damage.
   Big, fiery blades are also staple armaments of hydra-hunters.
   rC:        It protects you from cold.
Armour
 b - a +0 animal skin
 c - a +3 chain mail of fire resistance (worn)
 d - a +1 cloak (worn)
 i - a +0 pair of boots (worn)
Scrolls
 h - a scroll of blinking
Potions
 f - 2 potions of magic
 g - a potion of berserk rage


   Skills:
 + Level 17.2 Fighting
 + Level 16.4 Axes
 + Level 6.9 Staves
 + Level 11.4 Armour
 + Level 9.9 Dodging
 + Level 2.0 Stealth


You had 9 spell levels left.
You didn't know any spells.
Your spell library was empty.

Dungeon Overview and Level Annotations

Branches:
Dungeon (1/1)

Altars:
Cheibriados
Dithmenos
Elyvilon
Fedhas
Gozag
Hepliaklqana
Kikubaaqudgha
Makhleb
Nemelex Xobeh
Okawaru
Qazlal
Ru
Sif Muna
Trog
Uskayaw
Vehumet
Wu Jian
Xom
Yredelemnul
Zin
The Shining One
Beogh
Jiyva
Lugonu

Shops:
D :![=!![!=[(=?:[

Annotations:
D exclusion: oklob plant


Innate Abilities, Weirdness & Mutations

You have a pair of horns on your head.
You reflexively headbutt those who attack you in melee.


Message History

You hit the flying skull. You headbutt the flying skull.
The flying skull is moderately damaged.
The flying skull completely misses you. You furiously retaliate!
You headbutt the flying skull! You barely miss the flying skull.
The flying skull is severely damaged.
The flying skull hits you but does no damage. x2
You barely miss the flying skull.
The flying skull is severely damaged.
The flying skull hits you but does no damage. x2
Your unstable footing causes you to fumble your attack.
The flying skull hits you but does no damage.
You slash the flying skull! You burn the flying skull.
You destroy the flying skull!
Trog accepts your kill.
The flying skull hits you but does no damage.
Your unstable footing causes you to fumble your attack.
The flying skull hits you but does no damage.
Your unstable footing causes you to fumble your attack.
The flying skull hits you.
* * * LOW HITPOINT WARNING * * *
The flying skull barely misses you.
Your unstable footing causes you to fumble your attack.
The flying skull hits you.
* * * LOW HITPOINT WARNING * * *
You miss the flying skull. The flying skull barely misses you.
You furiously retaliate!
You headbutt the flying skull, but do no damage.
The flying skull closely misses you.
You miss the flying skull. Your headbutt misses the flying skull.
The flying skull barely misses you. You furiously retaliate!
You headbutt the flying skull. The flying skull hits you!
* * * LOW HITPOINT WARNING * * *
You miss the flying skull.
The flying skull is moderately damaged.
The flying skull hits you but does no damage.
Your unstable footing causes you to fumble your attack.
The flying skull hits you but does no damage.
The flying skull hits you!
You die...

.##≈≈≈§§≈≈≈.≈#...._._.#≈≈§§##
##≈≈≈≈§§§≈§≈≈#..._._._#≈§§≈≈##
≈≈§§§§≈≈≈§≈≈≈#.._._._.#≈§§§≈≈#
+++#≈≈§≈≈§≈§≈#._._._._#≈§§§≈≈+
§ ##§≈§###≈§#_._._._.#≈≈§≈≈≈#
#≈≈#._._._._#≈§§≈≈≈▓
≈#+#≈≈#_._._...#≈≈§≈▓▓▓▓
§≈§§≈≈##########≈§§≈▓zzz
#######≈z@≈)≈≈≈§≈§§≈▓zz.≈
....###≈########§▓▓▓▓▓▓▓▓
..°..##≈# #▓▓ °.○...'≈#
.°...#### .○.°# ####


You could see a flying skull.

Vanquished Creatures
  A merfolk siren (D)
  A yaktaur (D)
  3 polar bears (D)
  A hornet (D)
  11 flying skulls (D)
  2 wyverns (D)
  Menkaure (D)
  5 water moccasins (D)
  4 necrophages (D)
  5 scorpions (D)
34 creatures vanquished.

Vanquished Creatures (others)
  8 tentacles (D)
8 creatures vanquished.

Grand Total: 42 creatures vanquished

Notes
Turn   | Place    | Note
-------+----------+-------------------------------------------
     0 | D        | boopmooplesden the Minotaur Berserker began the quest for
                  | the Orb.
     0 | D        | Reached XP level 1. HP: 19/19 MP: 0/0
     1 | D        | Noticed a scorpion
     1 | D        | Noticed a scorpion
     5 | D        | Killed a scorpion
     6 | D        | Reached skill level 6 in Fighting
     6 | D        | Reached XP level 2. HP: 31/31 MP: 1/1
     6 | D        | Reached XP level 3. HP: 38/38 MP: 2/2
     7 | D        | Killed a scorpion
     8 | D        | Reached skill level 7 in Fighting
     8 | D        | Reached XP level 4. HP: 46/48 MP: 3/3
     9 | D        | Noticed a scorpion
     9 | D        | Noticed a scorpion
    12 | D        | Killed a scorpion
    12 | D        | Reached ** piety under Trog
    13 | D        | Reached skill level 8 in Fighting
    13 | D        | Reached XP level 5. HP: 44/56 MP: 4/4
    14 | D        | Reached skill level 9 in Fighting
    80 | D        | Noticed Menkaure
    80 | D        | Noticed a merfolk siren
    88 | D        | Killed Menkaure
    89 | D        | Reached skill level 10 in Fighting
    89 | D        | Reached skill level 10 in Axes
    89 | D        | Reached skill level 5 in Armour
    89 | D        | Reached skill level 5 in Dodging
    89 | D        | Reached XP level 6. HP: 66/66 MP: 5/5
    90 | D        | Noticed a water moccasin
   108 | D        | Killed a merfolk siren
   108 | D        | Reached *** piety under Trog
   109 | D        | Reached skill level 12 in Fighting
   109 | D        | Reached XP level 7. HP: 37/77 MP: 6/6
   116 | D        | HP: 1/77 [water moccasin (8)]
   402 | D        | Noticed a wyvern
   402 | D        | Noticed a wyvern
   409 | D        | Killed a wyvern
   410 | D        | Reached skill level 13 in Fighting
   414 | D        | Killed a wyvern
   414 | D        | Reached **** piety under Trog
   617 | D        | Reached XP level 8. HP: 77/86 MP: 7/7
   635 | D        | Reached ***** piety under Trog
   636 | D        | Reached skill level 14 in Fighting
   646 | D        | Found Yfoeqiceacs's Antique Armour Shoppe.
   646 | D        | Found Waleonk's Antique Weapon Shoppe.
   646 | D        | Found Focvoz's Magic Scroll Shoppe.
   646 | D        | Found Tazool's Distillery.
   646 | D        | Found Gafac's Antique Armour Shoppe.
   646 | D        | Found Vishoili's Antique Armour Emporium.
   647 | D        | Found Jeso Kit's Book Emporium.
   647 | D        | Found Aprair's Jewellery Shoppe.
   647 | D        | Found Ketweudgh's Distillery.
   647 | D        | Found Yceracio's Jewellery Emporium.
   768 | D        | Found Obexep's Antique Armour Shoppe.
   768 | D        | Found Huves's Jewellery Shoppe.
   768 | D        | Found Ajetomou's Distillery.
   768 | D        | Found Evyof's Distillery.
   905 | D        | Noticed an oklob plant
   906 | D        | Found Muwkeos's Book Shoppe.
   914 | D        | Bought a shiny chain mail for 195 gold pieces
   914 | D        | Bought a glowing cloak for 195 gold pieces
   935 | D        | Noticed a cane toad
   938 | D        | Bought a pair of boots for 81 gold pieces
   945 | D        | Noticed a cane toad
   968 | D        | Found a blossoming altar of Fedhas.
   969 | D        | Found a white marble altar of Elyvilon.
   970 | D        | Found a shadowy altar of Dithmenos.
   970 | D        | Found a corrupted altar of Lugonu.
   970 | D        | Found an opulent altar of Gozag.
   970 | D        | Found a burning altar of Makhleb.
   971 | D        | Found a snail-covered altar of Cheibriados.
   971 | D        | Found an ancient bone altar of Kikubaaqudgha.
   971 | D        | Found a bloodstained altar of Trog.
   972 | D        | Found a viscous altar of Jiyva.
   972 | D        | Found a shimmering blue altar of Sif Muna.
   973 | D        | Found a hazy altar of Hepliaklqana.
   973 | D        | Found a sacrificial altar of Ru.
   974 | D        | Found a stormy altar of Qazlal.
   974 | D        | Found an ornate altar of the Wu Jian Council.
   974 | D        | Found a shimmering altar of Xom.
   974 | D        | Noticed a polar bear
   975 | D        | Noticed a yaktaur
   975 | D        | Noticed a hornet
   975 | D        | Noticed a polar bear
   979 | D        | Killed a polar bear
   980 | D        | Noticed a polar bear
   982 | D        | Killed a hornet
   982 | D        | Identified the +4 lajatang "Jeexzumi" {flame, rC+} (Trog
                  | gifted it to you in the Dungeon)
   982 | D        | Received a gift from Trog
   983 | D        | Reached skill level 15 in Fighting
   983 | D        | Reached skill level 15 in Axes
   989 | D        | Killed a polar bear
   989 | D        | Killed a yaktaur
   990 | D        | Reached skill level 1 in Stealth
   990 | D        | Reached XP level 9. HP: 75/100 MP: 8/8
   992 | D        | Killed a polar bear
   993 | D        | Reached skill level 16 in Fighting
  1176 | D        | Noticed a kraken
  1192 | D        | Found a glowing golden altar of the Shining One.
  1192 | D        | Found a basalt altar of Yredelemnul.
  1192 | D        | Found a hide-covered altar of Uskayaw.
  1193 | D        | Found a glowing silver altar of Zin.
  1207 | D        | Found a radiant altar of Vehumet.
  1209 | D        | Found a sparkling altar of Nemelex Xobeh.
  1210 | D        | Found an iron altar of Okawaru.
  1279 | D        | Reached skill level 1 in Staves
  1301 | D        | Received a gift from Trog
  1307 | D        | Reached skill level 10 in Armour
  1318 | D        | Reached XP level 10. HP: 39/110 MP: 9/9
  1327 | D        | Reached ****** piety under Trog
  1328 | D        | Reached skill level 17 in Fighting
  1328 | D        | Reached skill level 5 in Staves
  1358 | D        | Slain by a flying skull

Illustrated notes

Levels and vault maps discovered:
D:        the_violet_keep_of_menkaure [sprint2_stairs_cluster_1,
          sprint2_shoproom, sprint2_temple, sprint2_basic_supplies,
          sprint2_obstacle_4, sprint2_obstacle_1, sprint2_obstacle_3,
          sprint2_obstacle_6, sprint2_obstacle_5, sprint2_timed_cluster_1,
          sprint2_smallroom_cluster_1, sprint2_smallroom_final_cluster_1,
          sprint2_transparent_cluster_1, sprint2_second_timed_cluster_1,
          sprint2_sniper_area_1, sprint2_heavy_combat_area_1,
          sprint2_mutation_trap_area_1, sprint2_forest_area_1,
          sprint2_light_combat_area_1, sprint2_behind_water_1,
          sprint2_near_end_vault_1]

Skill      XL: |  1  2  3  4  5  6  7  8  9 10 |
---------------+-------------------------------+-----
Fighting       | 6 7 8 10 12 13 15 16 17 | 17.2
Axes           | 6 7 9 10 12 13 15 16 | 16.4
Armour         | 3 4 5 6 8 10 11 | 11.4
Dodging        | 3 4 5 6 7 9 |  9.9
Stealth        | 1 2 |  2.0
Staves         | 4 6 |  6.9

Action                   |  1- 3 |  4- 6 |  7- 9 | 10-12 || total
-------------------------+-------+-------+-------+-------++-------
Melee: Hand axe          |     4 |    19 |    73 |       ||    96
       Headbutt          |       |     4 |    19 |     2 ||    25
       Lajatang          |       |       |    55 |    37 ||    92
Invok: Berserk           |     1 |     1 |     2 |       ||     4
  Use: Potion            |       |       |     3 |       ||     3
Armor: Animal skin       |       |       |     6 |       ||     6
       Chain mail        |       |       |    64 |    26 ||    90
Dodge: Dodged            |       |     6 |    77 |    17 ||   100
